 Seeded DCSS version 0.30.1-9-gdf580d7c3d (webtiles) character file.

Game seed: 6351066067085065685 (custom seed)

24 Esekla the Magician (level 2, -2/15 HPs)
             Began as a Deep Elf Wanderer on Sept 27, 2023.
             Was an Initiate of Vehumet.
             Slain by a gnoll
             ... wielding a +0 spear
              (6 damage)
             ... on level 2 of the Dungeon.
             The game lasted 00:21:24 (1288 turns).

Esekla the Magician (Deep Elf Wanderer)             Turns: 1288, Time: 00:21:24

Health: -2/15      AC:  4    Str: 11    XL:     2   Next: 79%
Magic:  4/9        EV: 11    Int: 17    God:    Vehumet [......]
Gold:   141        SH:  3    Dex: 11    Spells: 6/10 levels left

rFire   . . .        a - +1 short sword (freeze)
rCold   . . .        d - +0 buckler
rNeg    . . .        c - +0 robe
rPois   .            k - +0 helmet
rElec   .            (no cloak)
rCorr   .            j - +0 pair of gloves
SInv    .            (no boots)
Will    .....        (no amulet)
Stlth   ++           (no ring)
HPRegen 0.22/turn    (no ring)
MPRegen 0.11/turn

%: no passive effects
@: very slightly contaminated
A: no striking features
a: Renounce Religion


You were on level 2 of the Dungeon.
You worshipped Vehumet.
Vehumet was noncommittal.
You visited 1 branch of the dungeon, and saw 4 of its levels.

You collected 141 gold pieces.

Inventory:

Hand Weapons
 a - a +1 short sword of freezing (weapon)
 p - the +5 rapier of the Hero {heavy, rN+ Dex+3}
   (You found it on level 3 of the Dungeon)

   Dex:       It affects your dexterity (+3).
   rN:        It protects you from negative energy.
Armour
 c - a +0 robe (worn)
 d - a +0 buckler (worn)
 j - a +0 pair of gloves (worn)
 k - a +0 helmet (worn)
Wands
 q - a wand of roots (9)
Scrolls
 g - a scroll of identify {unknown}
 m - a scroll of enchant armour {unknown}
 n - a scroll of amnesia {unknown}
 o - a scroll of immolation {unknown}
 r - a scroll of blinking {unknown}
 s - 2 scrolls of enchant weapon {unknown}
Potions
 b - a potion of lignification
 e - a potion of ambrosia {unknown}
 f - 2 potions of attraction {unknown}
 h - a potion of heal wounds {unknown}
 i - 2 potions of curing {unknown}
 l - a potion of mutation {unknown}


   Skills:
 + Level 0.4 Short Blades
 * Level 1.0 Dodging
 + Level 2.2 Stealth
 + Level 1.5 Shields
 * Level 4.7 Spellcasting
 + Level 0.2 Conjurations
 + Level 2.5 Translocations
 + Level 1.0 Invocations


You had 6 spell levels left.
You knew the following spells:

 Your Spells              Type           Power      Damage    Failure   Level
a - Magic Dart            Conj           16%        1d3       19%         1
b - Blink                 Tloc           24%        N/A       11%         2
p - Apportation           Tloc           24%        N/A       8%          1

Your spell library contained the following spells:

 Spells                   Type           Power      Damage    Failure   Level
 Lesser Beckoning         Tloc           24%        N/A       11%         2
 Ignite Poison            Fire/Tmut/Pois 4%         N/A       54%         3
 Vampiric Draining        Necr           4%         2d6       54%         3


Dungeon Overview and Level Annotations

Branches:
Dungeon (4/15)
 Temple: D:4-7

Altars:
Okawaru
Vehumet
Zin

Shops:
D:2 =   D:4 (


Message History

Casting: Magic Dart (safe; 19% risk of failure)
Confirm with . or Enter, or press ? or * to list all spells.
Aiming: Magic Dart (safe; 19% risk of failure)
Press: ? - help, Shift-Dir - straight line, f/p - gnoll
Aim: a gnoll, wielding a +0 spear (lightly wounded, 100% to hit)
The magic dart hits the gnoll but does no damage.
The gnoll is lightly wounded.
Casting: Magic Dart (safe; 19% risk of failure)
Confirm with . or Enter, or press ? or * to list all spells.
Aiming: Magic Dart (safe; 19% risk of failure)
Press: ? - help, Shift-Dir - straight line, f/p - gnoll
Aim: a gnoll, wielding a +0 spear (lightly wounded, 100% to hit)
You miscast Magic Dart.
Nothing appears to happen.
The gnoll hits you from afar with a +0 spear.
Casting: Magic Dart (safe; 19% risk of failure)
Confirm with . or Enter, or press ? or * to list all spells.
Aiming: Magic Dart (safe; 19% risk of failure)
Press: ? - help, Shift-Dir - straight line, f/p - gnoll
Aim: a gnoll, wielding a +0 spear (lightly wounded, 100% to hit)
You miscast Magic Dart.
Nothing appears to happen.
The gnoll closely misses you. The gnoll closely misses you.
You closely miss the gnoll.
The gnoll is lightly wounded.
The gnoll hits you with a +0 spear.
You barely miss the gnoll.
The gnoll is lightly wounded.
The gnoll closely misses you.
You hit the gnoll. You freeze the gnoll.
The gnoll is moderately wounded.
The gnoll barely misses you.
You hit the gnoll. You freeze the gnoll.
The gnoll is heavily wounded.
The gnoll hits you with a +0 spear.
You closely miss the gnoll.
The gnoll is heavily wounded.
The gnoll hits you with a +0 spear.
* * * LOW HITPOINT WARNING * * *
The gnoll attacks as you move away! The gnoll hits you with a +0 spear.
You die...

......####..####
......†.÷.......
####............
#.#####.####..#####
#.............#
######.####..#
#.##....##
#######.##<....####
#.@g....####^#.....
#.####### #.#..###
#.# #g#..# #.#
#.#..# #.# #g...#
#.. g..... ###
#.#... #.##..


You could see a gnoll.

Vanquished Creatures
  An adder (D:2)
  An endoplasm (D:3)
  4 goblins
  2 hobgoblins (D:3)
  A ball python (D:3)
  2 bats (D:3)
  2 frilled lizards
  3 kobolds
16 creatures vanquished.

Notes
Turn   | Place    | Note
-------+----------+-------------------------------------------
     0 | D:1      | Esekla the Deep Elf Wanderer began the quest for the Orb.
     0 | D:1      | Esekla set off with the following items: a +0 club, a
                  | potion of lignification, a +0 robe, a +0 buckler; and the
                  | following spells available to memorise: Apportation, Blink,
                  | Lesser Beckoning, Magic Dart, Ignite Poison, Vampiric
                  | Draining.
     0 | D:1      | Reached XP level 1. HP: 10/10 MP: 7/7
     2 | D:1      | Learned a level 1 spell: Magic Dart
     4 | D:1      | Learned a level 1 spell: Apportation
   423 | D:4      | Found a radiant altar of Vehumet.
   434 | D:4      | Found an iron altar of Okawaru.
   445 | D:4      | Found a glowing silver altar of Zin.
   526 | D:4      | Became a worshipper of Vehumet
   720 | D:3      | Reached XP level 2. HP: 15/15 MP: 5/9
   778 | D:3      | Learned a level 2 spell: Blink
   867 | D:3      | Reached skill level 1 in Dodging
   913 | D:3      | Identified the +5 rapier of the Hero {heavy, rN+ Dex+3}
                  | (You found it on level 3 of the Dungeon)
   967 | D:2      | Found Renulab's Jewellery Shop.
  1008 | D:2      | You fall into a shaft and drop 2 floors!
  1108 | D:4      | Found Ponaysk's Antique Weapon Boutique.
  1288 | D:2      | Slain by a gnoll

Illustrated notes

Levels and vault maps discovered:
D:1:      sevenhm_arrival_forest_fort_small_3, layout_rooms,
          chequers_serial_rivers_room_b, minmay_misc_feat_five
D:2:      layout_loops_ring, dreamdust_ecumenical_altar_angels_and_demons,
          serial_shops, shop
D:3:      layout_basic, grunt_temple_overflow_open, minmay_misc_feat_iff
D:4:      layout_basic, nicolae_overflow_quartered_altars, serial_shops,
          nicolae_diamond_shop

Skill      XL: |  1  2 |
---------------+-------+-----
Dodging        | 1 |  1.0
Stealth        | 2 |  2.2
Short Blades   | |  0.4
Shields        | |  1.5
Spellcasting   | |  4.7
Conjurations   | |  0.2
Translocations | |  2.5
Invocations    | |  1.0

Action                     || total
---------------------------++-------
  Melee: Short sword       ||    31
   Cast: Magic Dart        ||    28
         Apportation       ||    22
    Use: Scroll            ||     1
   Stab: Sleeping          ||     3
 Armour: Robe              ||    11
  Dodge: Dodged            ||    19
  Block: Buckler           ||     5
